Map: Acid Plant LE

Players

Neeb

  • Race: Protoss Protoss
  • Spawn Location: 11:00

Rogue - Winner!

  • Race: Zerg Zerg
  • Spawn Location: 5:00

Event: IEM Season 12 - Katowice

VOD

Have the link to the VOD?

Description

Time

  • Played on: March 2, 2018, 6:58 a.m.
  • Length: 12:18

All games in this series

Show
View Real Time Build Order
Export as new Build Order

Neeb Protoss 

Build Orders: 1 Gate Expand, Oracle Opening, Phoenix Opening, Archon Immortal 

Get SALT Encoding   

  12  0:00  Probe  
  13  0:12  Probe  
  14  0:17  Pylon  
  14  0:24  Probe  
  15  0:29  Assimilator  
  15  0:37  Probe (Chrono Boost)  
  16  0:45  Gateway  
  16  0:48  Probe (Chrono Boost)  
  17  0:53  Probe (Chrono Boost)  
  18  1:03  Probe  
  19  1:15  Probe  
  20  1:23  Nexus  
  20  1:33  Cybernetics Core  
  20  1:36  Probe  
  21  1:41  Assimilator  
  21  1:48  Probe  
  21  1:51  Pylon  
  22  2:00  Probe  
  23  2:08  Adept (Chrono Boost)  
  23  2:12  Stargate  
  23  2:13  Probe  
  26  2:21  Warp Gate  
  26  2:26  Probe (Chrono Boost), Adept (Chrono Boost)  
  29  2:35  Probe (Chrono Boost)  
  30  2:43  Probe (Chrono Boost)  
  32  2:45  Probe (Chrono Boost), Adept  
  32  2:49  Probe (Chrono Boost)  
  32  2:50  Probe (Chrono Boost)  
  35  2:56  Oracle (Chrono Boost)  
  39  3:01  Probe  
  39  3:02  Probe  
  41  3:11  Pylon  
  41  3:13  Probe  
  41  3:16  Gateway  
  41  3:18  Probe  
  43  3:23  Adept  
  46  3:30  Probe  
  46  3:34  Phoenix (Chrono Boost), Gateway  
  43  3:37  Probe  
  45  3:42  Probe  
  45  3:46  Pylon  
  46  3:49  Probe  
  46  3:52  Assimilator  
  46  3:54  Probe  
  48  3:59  Oracle (Chrono Boost)  
  48  4:01  Probe, Assimilator  
  52  4:06  Probe, Pylon  
  53  4:13  Probe  
  54  4:18  Probe, Robotics Facility  
  55  4:25  Probe  
  55  4:31  Probe  
  54  4:33  Oracle (Chrono Boost)  
  54  4:37  Adept x2, Probe  
  54  4:38  Adept  
  64  4:43  Probe  
  65  4:48  Pylon  
  65  4:54  Nexus  
  65  5:03  Adept x2  
  65  5:06  Adept  
  71  5:08  Probe x2  
  71  5:13  Pylon  
  73  5:18  Immortal (Chrono Boost)  
  77  5:23  Probe  
  77  5:25  Shield Battery  
  78  5:28  Pylon  
  78  5:31  Twilight Council  
  78  5:35  Probe  
  79  5:37  Sentry  
  79  5:38  Zealot, Sentry  
  79  5:40  Probe  
  84  5:47  Probe  
  79  5:52  Probe  
  79  5:56  Immortal (Chrono Boost)  
  82  5:59  Probe  
  79  6:04  Probe  
  79  6:06  Zealot  
  79  6:08  Probe, Zealot  
  83  6:11  Probe  
  83  6:16  Probe  
  83  6:18  Zealot  
  87  6:20  Immortal (Chrono Boost)  
  87  6:21  Probe  
  87  6:24  Probe  
  92  6:29  Probe  
  88  6:36  Probe  
  88  6:39  Nexus  
  89  6:43  Zealot, Charge (Chrono Boost)  
  91  6:47  Templar Archives  
  91  6:51  Zealot  
  93  6:55  Pylon  
  93  6:56  Observer (Chrono Boost)  
  93  6:57  Pylon  
  94  7:10  Pylon  
  94  7:12  Assimilator  
  94  7:13  Probe x2, Immortal (Chrono Boost)  
  100  7:17  Assimilator  
  100  7:25  Probe  
  100  7:26  High Templar x3  
  100  7:28  Gateway  
  107  7:32  Gateway  
  107  7:34  Psionic Storm  
  107  7:36  Gateway  
  107  7:39  Probe x2  
  109  7:45  Immortal (Chrono Boost)  
  113  7:53  Gateway  
  113  8:00  High Templar x2  
  113  8:03  Gateway  
  117  8:09  Gateway  
  117  8:16  Forge  
  117  8:21  Probe x2  
  117  8:23  Immortal (Chrono Boost)  
  123  8:32  High Templar x2  
  123  8:34  Zealot x3  
  133  8:36  Archon  
  131  8:48  High Templar  
  133  8:52  Nexus  
  133  8:55  Pylon  
  133  8:56  Photon Cannon  
  133  8:58  Photon Cannon  
  131  9:06  Photon Cannon  
  131  9:07  Protoss Ground Weapons Level 1 (Chrono Boost)  
  131  9:09  Photon Cannon  
  131  9:13  Immortal  
  131  9:16  Shield Battery  
  135  9:18  Shield Battery, High Templar x2  
  135  9:20  Shield Battery  
  135  9:23  High Templar  
  141  9:25  Archon  
  141  9:31  Pylon x2, Assimilator  
  141  9:35  Assimilator  
  141  9:49  Probe x3  
  141  9:50  Zealot x3, High Templar  
  141  9:51  Zealot x2  
  154  9:56  Archon  
  154  9:58  Immortal (Chrono Boost)  
  156  10:03  Probe x2  
  156  10:05  Probe  
  156  10:06  Pylon  
  157  10:08  Pylon  
  155  10:17  Pylon  
  155  10:18  High Templar x2  
  155  10:19  High Templar x2  
  157  10:23  Archon x2  
  157  10:34  Fleet Beacon, Immortal (Chrono Boost), Gateway  
  161  10:41  Zealot x2, High Templar x2  
  167  10:45  Archon  
  165  10:54  Zealot x3  
  165  10:56  Zealot  
  161  11:02  Immortal  
  161  11:03  Zealot x2  
  161  11:08  Probe x2  
  158  11:18  Zealot, High Templar x2  
  152  11:19  Zealot x3  
  157  11:27  Nexus  
  157  11:36  High Templar x3  
  163  11:41  High Templar  
  163  11:42  Archon  
  163  11:46  Pylon, Archon  
  165  11:48  Pylon  
  165  11:50  Pylon  
  165  11:52  Pylon  
  161  11:54  Zealot x2  
  127  12:10  Archon  
Show
View Real Time Build Order
Export as new Build Order

Rogue Zerg - Winner!

Build Orders: Hatch First, Lurkers 

Get SALT Encoding   

  12  0:00  Drone  
  13  0:12  Overlord  
  13  0:20  Drone  
  14  0:33  Drone x2  
  14  0:35  Drone  
  17  0:52  Hatchery  
  17  0:55  Drone  
  17  0:58  Drone  
  18  1:09  Extractor  
  17  1:13  Spawning Pool  
  17  1:16  Drone  
  17  1:20  Drone  
  18  1:29  Drone  
  19  1:39  Drone  
  20  1:47  Hatchery  
  20  1:50  Drone  
  20  2:00  Drone  
  21  2:04  Drone  
  21  2:07  Queen  
  24  2:13  Metabolic Boost  
  24  2:16  Drone  
  24  2:19  Drone  
  26  2:25  Overlord  
  26  2:27  Drone  
  27  2:36  Drone  
  28  2:43  Queen  
  30  2:45  Zergling x4  
  30  2:47  Zergling x2  
  33  2:55  Zergling x2  
  33  2:58  Zergling x2  
  35  3:02  Queen  
  35  3:03  Drone  
  35  3:05  Overlord  
  38  3:09  Drone  
  38  3:12  Drone  
  40  3:18  Drone  
  40  3:19  Drone  
  42  3:24  Drone  
  42  3:25  Drone x3  
  42  3:26  Drone  
  45  3:33  Spore Crawler  
  43  3:34  Spore Crawler  
  43  3:39  Spore Crawler  
  43  3:41  Drone x3  
  44  3:46  Overlord  
  44  3:47  Drone  
  45  3:49  Drone  
  43  3:56  Drone x3  
  43  4:01  Drone x2  
  45  4:04  Overlord  
  45  4:08  Lair  
  45  4:12  Drone x2  
  47  4:17  Queen  
  47  4:22  Spore Crawler  
  48  4:24  Drone x2  
  48  4:27  Drone  
  48  4:29  Drone x3  
  54  4:33  Extractor  
  54  4:35  Zergling x6  
  56  4:40  Zergling x2  
  56  4:41  Overlord  
  56  4:42  Overlord  
  57  4:47  Overlord  
  57  4:53  Drone x2, Evolution Chamber, Extractor  
  57  4:55  Drone  
  57  4:57  Overlord  
  58  5:01  Drone  
  58  5:02  Drone x3  
  58  5:03  Drone  
  58  5:04  Drone  
  63  5:08  Extractor  
  63  5:09  Hydralisk Den  
  63  5:13  Zergling x6  
  64  5:15  Zergling x2  
  64  5:16  Zergling x2  
  64  5:20  Zerg Missile Weapons Level 1  
  64  5:21  Zergling x4  
  68  5:27  Zergling x8  
  71  5:34  Zergling x4  
  71  5:41  Zergling x16  
  71  5:46  Drone  
  66  5:50  Drone x3  
  66  5:52  Grooved Spines  
  66  5:57  Drone  
  66  6:01  Drone x2  
  67  6:04  Drone  
  67  6:05  Drone  
  67  6:07  Drone  
  69  6:13  Drone  
  69  6:19  Drone x2  
  69  6:24  Drone  
  69  6:25  Drone  
  62  6:35  Hydralisk x4  
  62  6:36  Hydralisk  
  69  6:40  Hydralisk  
  69  6:41  Extractor, Hydralisk  
  69  6:45  Hydralisk  
  74  6:48  Overseer  
  74  6:50  Hydralisk x2  
  74  6:51  Hydralisk  
  79  6:56  Drone  
  79  6:58  Drone x5  
  85  7:05  Roach Warren  
  85  7:07  Overlord  
  84  7:10  Drone x3  
  84  7:14  Drone x2  
  84  7:15  Drone  
  90  7:19  Muscular Augments  
  90  7:21  Zerg Missile Weapons Level 2  
  90  7:24  Overlord  
  90  7:26  Overlord  
  90  7:29  Spore Crawler  
  90  7:39  Drone  
  90  7:40  Drone x4  
  95  7:44  Hatchery  
  95  7:48  Zergling x12  
  95  7:49  Zergling x2  
  101  7:54  Drone  
  101  7:55  Extractor  
  101  7:58  Overlord x2  
  101  8:01  Drone  
  101  8:03  Spine Crawler  
  101  8:05  Pneumatized Carapace  
  101  8:10  Roach x5  
  101  8:11  Roach  
  113  8:13  Overlord  
  113  8:18  Overlord  
  113  8:20  Drone x4  
  113  8:22  Drone  
  118  8:30  Roach x4  
  130  8:34  Roach x2  
  130  8:42  Drone x4  
  130  8:45  Roach  
  136  8:52  Drone x4  
  140  8:56  Lurker Den  
  140  8:57  Hatchery  
  140  8:59  Queen  
  140  9:00  Drone x3  
  140  9:02  Spore Crawler  
  141  9:12  Roach x5  
  141  9:13  Overlord x3  
  141  9:15  Glial Reconstitution  
  151  9:19  Overlord  
  151  9:34  Hatchery  
  151  9:35  Roach  
  151  9:36  Roach x7  
  166  9:40  Overlord  
  166  9:41  Zerg Ground Armor Level 1  
  166  9:46  Hydralisk x3  
  166  9:51  Roach x3  
  166  9:52  Roach  
  179  9:56  Roach x2  
  181  10:02  Roach x3  
  181  10:03  Roach  
  181  10:04  Overlord  
  186  10:08  Roach  
  186  10:09  Roach x4  
  186  10:12  Overlord  
  188  10:16  Hydralisk x3  
  188  10:31  Hydralisk x5  
  188  10:34  Infestation Pit  
  197  10:40  Hydralisk  
  199  10:43  Extractor  
  194  10:50  Hydralisk x2  
  194  10:54  Overlord x2  
  190  10:58  Hydralisk x4  
  190  11:00  Hydralisk x6  
  192  11:07  Roach x8  
  192  11:09  Roach  
  188  11:14  Roach  
  188  11:15  Roach x3  
  178  11:19  Roach x3  
  178  11:21  Lurker x3  
  173  11:29  Drone x5  
  173  11:31  Lurker x4  
  173  11:32  Lurker  
  183  11:37  Zergling x2  
  183  11:38  Zergling x10  
  189  11:44  Zergling x6  
  189  11:45  Zergling x6  
  189  11:46  Zergling x2  
  196  11:47  Zergling x4  
  196  11:52  Zergling x4  
  200  11:54  Overseer  
  200  12:00  Zergling x2  

Tags
 
Add a new tag
Caveats
  • Supply blocks, unpowered buildings, or Contaminate may cause inaccurate times.
  • Supply counts are checked every 10 seconds.